 Dungeon Crawl Stone Soup version 0.25-a0-185-g6cfeca75b2 (webtiles) character file.

Game seed: 7319890421115861108, levelgen mode: deterministic

15 Leeroy the Conjurer (level 2, -2/20 HPs)
             Began as a Draconian Conjurer on Nov 27, 2019.
             Killed from afar by a dart slug (7 damage)
             ... with a slug dart
             ... on level 1 of the Dungeon.
             The game lasted 00:00:51 (371 turns).

Leeroy the Conjurer (Draconian Conjurer)             Turns: 371, Time: 00:00:52

Health: -2/20      AC:  4    Str: 10    XL:     2   Next: 34%
Magic:  1/5        EV: 12    Int: 15    God:
Gold:   41         SH:  0    Dex: 11    Spells: 2/5 levels left

rFire    . . .     SeeInvis .   d - +0 dagger
rCold    . . .     Gourm    .   (no shield)
rNeg     . . .     Faith    .   (armour unavailable)
rPois    .         Spirit   .   (helmet restricted)
rElec    .         Reflect  .   (no cloak)
rCorr    .         Harm     .   (no gloves)
MR       .....                  (no boots)
Stlth    ++........             (no amulet)
HPRegen  0.06/turn              (no ring)
MPRegen  0.09/turn              (no ring)

@: no status effects
A: unfitting armour, cold-blooded, AC +4
a: no special abilities


You were on level 1 of the Dungeon.
You were not hungry.

You visited 1 branch of the dungeon, and saw 1 of its levels.

You collected 41 gold pieces.

Inventory:

Hand Weapons
 d - a +0 dagger (weapon)
Scrolls
 a - a scroll of fear {unknown}
 c - a scroll of magic mapping {unknown}
 e - a scroll of blinking {unknown}
Comestibles
 b - 3 rations
 f - 3 chunks of flesh


   Skills:
 - Level 1.7 Dodging
 - Level 1.7 Stealth
 - Level 2.0 Spellcasting
 + Level 4.6 Conjurations


You had 2 spell levels left.
You knew the following spells:

 Your Spells              Type           Power        Failure   Level  Hunger
a - Magic Dart            Conj           ###.         3%          1    #......
b - Searing Ray           Conj           ###...       4%          2    ###....

Your spell library contained the following spells:

 Spells                   Type           Power        Failure   Level  Hunger
 Dazzling Spray           Conj/Hex       #.....       26%         3    ###....
 Iskenderun's Mystic Bla  Conj           ###.....     32%         4    #####..
 Force Lance              Conj/Tloc      #.......     63%         4    #####..
 Fulminant Prism          Conj/Hex       #.........   63%         4    #####..


Dungeon Overview and Level Annotations

Branches:
Dungeon (1/15)

Altars:


Innate Abilities, Weirdness & Mutations

Your plain brown scales are hard. (AC +4)
You cannot fit into any form of body armour.
You are cold-blooded and may be slowed by cold attacks.


Message History

The bat barely misses you. The bat completely misses you.
Found 28 stones.
Items here: ( ) †† a stone; a +0 whip; a rat corpse; a kobold corpse
Okay, then.
You butcher the rat corpse.
The bat misses you. The dart slug launches a dart at you.
The slug dart hits you.
* * * LOW HITPOINT WARNING * * *
Items here: % ( ) ÷ † a stone; a +0 whip; a chunk of flesh; a rat skeleton; a kobold corpse The bat hits you but does no damage.
Things that are here:
a +0 club; a +0 ring mail; a goblin corpse You hit the dart slug but do no damage.
The bat closely misses you. The bat barely misses you.
The dart slug launches a dart at you. The slug dart hits you!
You die...

.......... #.
.........# .(#.
..........#.#.#
.........#.#.#.
.....".........
.............#
.......w....# ##
#b@...# ... ##(####
... ### #.(.#
....#.## ###.#
....#..###### #.#
............### #.#
..#....##...## #.#
#.##.####..###.####
#.##..####........#


You could see a dart slug and a bat.

Vanquished Creatures
  An ooze (D:1)
  2 bats (D:1)
  A giant cockroach (D:1)
  2 goblins (D:1)
  2 kobolds (D:1)
  A frilled lizard (D:1)
  A rat (D:1)
10 creatures vanquished.

Notes
Turn   | Place    | Note
-------+----------+-------------------------------------------
     0 | D:1      | Leeroy the Draconian Conjurer began the quest for the Orb.
     0 | D:1      | Reached XP level 1. HP: 14/14 MP: 3/3
   214 | D:1      | Reached XP level 2. HP: 19/20 MP: 5/5
   223 | D:1      | Learned a level 2 spell: Searing Ray
   371 | D:1      | Killed from afar by a dart slug

Levels and vault maps discovered:
D:1:      minmay_arrival_glassed_features, layout_rooms, minmay_tiny_reverse_x

Action                   || total
-------------------------++-------
Melee: Unarmed           ||    23
       Tailslap          ||     2
       Dagger            ||    13
 Cast: Magic Dart        ||     4
       Searing Ray       ||     1
 Stab: Sleeping          ||     1
Armor: Skin              ||    23
Dodge: Dodged            ||    46

Table legend:
 A = Non-vault XP
 B = Vault XP
 C = Vault XP percentage of total XP
 D = Non-vault monster count
 E = Vault monster count
 F = Vault count percentage of total count
                 A         B        C        D         E       F
            +---------+---------+-------+---------+---------+-------
      Total |      20 |       2 |   9.1 |       9 |       1 |  10.0
            +---------+---------+-------+---------+---------+-------
        D:1 |      20 |       2 |   9.1 |       9 |       1 |  10.0
            +---------+---------+-------+---------+---------+-------
